 Dungeon Crawl Stone Soup version 0.25.0-26-g0c896c7088 (webtiles) character file.

Game seed: 4817030579875778939

77235 Curus the Warrior (level 15, -5/105 HPs)
             Began as a Gargoyle Monk on July 2, 2020.
             Was a High Priest of Trog.
             Killed from afar by a raiju (7 damage)
             ... with a living lightning
             ... on level 1 of the Abyss.
             The game lasted 01:37:08 (17346 turns).

Curus the Warrior (Gargoyle Monk)                  Turns: 17346, Time: 01:37:09

Health: -5/105     AC: 34    Str: 17    XL:     15   Next: 56%
Magic:  17/17      EV:  6    Int: 10    God:    Trog [*****.]
Gold:   1445       SH: 10    Dex: 17    Spells: 14/14 levels left

rFire    + . .     SeeInvis +   h - +3 eveningstar (vorpal)
rCold    . . .     Gourm    .   s - +0 kite shield
rNeg     + . .     Faith    .   B - +0 plate armour
rPois    ∞         Spirit   .   F - +1 hat
rElec    +         Reflect  .   M - scarf {repulsion}
rCorr    .         Harm     .   m - +2 pair of gloves
MR       +....                  Z - +0 pair of boots
Stlth    ..........             d - amulet of regeneration
HPRegen  0.67/turn              v - ring of protection from fire
MPRegen  0.15/turn              T - ring of see invisible

@: about to teleport, flying, repel missiles
A: big wings, blurry vision 1, negative energy resistance 1, electricity
resistance, unbreathing, petrification resistance, rot immunity, AC +11
a: Stop Flying, Berserk, Trog's Hand, Brothers in Arms, Renounce Religion


You were on level 1 of the Abyss.
You worshipped Trog.
Trog was extremely pleased with you.
You were very hungry.

You visited 3 branches of the dungeon, and saw 19 of its levels.
You visited the Abyss 1 time.

You collected 1613 gold pieces.
You spent 168 gold pieces at shops.

Inventory:

Hand Weapons
 b - a +1 great mace of holy wrath
 h - a +3 vorpal eveningstar (weapon)
 q - a +0 morningstar of electrocution
 t - the +8 whip "Snakebite" {curare, rPois}
   (You found it on level 4 of the Dungeon)

   It poisons the flesh of those it strikes.
   It protects you from poison.
 x - a +0 great mace of venom
 G - a +4 flail of holy wrath
 X - a +5 dire flail
Armour
 m - a +2 pair of gloves (worn)
 s - a +0 kite shield (worn)
 y - a scarf of repulsion
 B - a +0 plate armour (worn)
 F - a +1 hat (worn)
 M - a scarf of repulsion (worn)
 S - a +0 buckler
 Z - a +0 pair of boots (worn)
Jewellery
 a - an uncursed ring of attention
 d - an amulet of regeneration (around neck)
 e - an uncursed ring of stealth
 g - an uncursed ring of poison resistance
 k - an uncursed ring of resist corrosion
 v - a ring of protection from fire (left hand)
 w - an uncursed ring of positive energy
 A - an uncursed amulet of the acrobat
 I - an uncursed ring of positive energy
 Q - an uncursed ring of magical power
 R - an uncursed ring of magical power
 T - a ring of see invisible (right hand)
 V - an uncursed ring of positive energy
Wands
 r - a wand of polymorph (1)
 z - a wand of iceblast (16)
 E - a wand of digging (9)
 H - a wand of acid (17)
 L - a wand of random effects (42)
 U - a wand of disintegration (35)
 Y - a wand of clouds (10)
Scrolls
 f - 8 scrolls of identify
 i - 5 scrolls of magic mapping
 l - 8 scrolls of remove curse
 n - 11 scrolls of teleportation
 p - a scroll of enchant armour
 u - 4 scrolls of fog
 J - 6 scrolls of fear
 W - 2 scrolls of enchant weapon
Potions
 j - 12 potions of curing
 C - 2 potions of ambrosia
 D - 2 potions of cancellation
 K - 4 potions of haste
 N - 2 potions of might
 O - a potion of stabbing
Comestibles
 c - 26 rations


   Skills:
 - Level 16.4 Fighting
 + Level 14.6 Maces & Flails
 - Level 16.1 Armour
 - Level 2.4 Dodging
 - Level 2.1 Stealth
 + Level 6.3 Shields
 - Level 3.3 Evocations


You had 14 spell levels left.
You didn't know any spells.
Your spell library was empty.

Dungeon Overview and Level Annotations

Branches:
Dungeon (12/15)            Temple (0/1) D:6            Lair (6/6) D:11
 Shoals (0/4) Lair:4        Snake (0/4) Lair:3        Slime (0/5) Lair:6
    Orc (1/2) D:12

Altars:
Cheibriados
Dithmenos
Elyvilon
Hepliaklqana
Makhleb
Nemelex Xobeh
Qazlal
Ru
Sif Muna
Trog
Uskayaw
The Shining One

Shops:
D:7 (   D:8 !

Portals:
Abyss: D:10 D:11
Trove: D:12 (give +5 demon whip)

Annotations:
D:11 1 transporter


Innate Abilities, Weirdness & Mutations

You are resistant to torment.
Your stone body is resilient. (AC +11)
You are immune to poison.
Your large and strong wings let you fly indefinitely.
You resist negative energy. (rN+)
You are resistant to electric shocks. (rElec)
You can survive without breathing.
You are immune to petrification.
You are immune to rotting.
Scrolls take you a little longer to read.


Message History

The large abomination closely misses you.
The raiju bursts into living lightning!
The living lightning hits you. You resist.
* * * LOW HITPOINT WARNING * * *
The living lightning hits you. You resist.
* * * LOW HITPOINT WARNING * * *
The raiju blinks! x2
Okay, then.
Unknown command.
Unknown command.
The raiju bursts into living lightning!
The living lightning hits you but does no damage.
The raiju blinks!
The lich mumbles some strange words.
You block the small abomination's attack.
Unknown command.
A thrashing horror comes into view.
The raiju bursts into living lightning!
The living lightning hits you! You resist.
You die...

#....... ........#
#### X
....h...##...#. ..
#.............
..####.....#....# .
..#.........#...
#.#.1........# ..
#....L..#....# . .
# #@.#...## .
#hXx1...# ##.....
#....)........ ..
#...........#.
...................
..#......#.........
##..........#.#..
..
##........####### .
#...#....# # .


You could see 2 Brimstone Fiends, a lich, a thrashing horror, a large
abomination, 2 raiju and a small abomination.

Vanquished Creatures
  Rupert (Lair:5)
  A tentacled starspawn (Abyss:1)
  A frost giant (D:11)
  2 ettins (D:11)
  The ghost of Purph the Cleaver, a journeyman MiBe of Trog (Lair:1)
  A rakshasa (Abyss:1)
  8 hydras
  An ogre mage (D:11)
  The ghost of Mandevil the Spear-Bearer, a journeyman OpAK of Lugonu (D:11)
  The ghost of tabo the Basher, a novice MiFi of Makhleb (D:10)
  3 two-headed ogres
  The ghost of Kicid the Bludgeoner, a journeyman GrFi of Qazlal (Lair:1)
  A thrashing horror (Abyss:1)
  A soul eater (Abyss:1)
  4 unseen horrors
  A wizard (D:11)
  Pikel (D:6)
  2 ugly things
  4 oklob plants (Lair:6)
  16 cyclopes (D:11)
  12 elephants
  5 black mambas
  A torpor snail (Lair:6)
  A toenail golem (D:11)
  Psyche (D:10)
  18 spiny frogs
  An efreet (Abyss:1)
  A rime drake (Lair:6)
  6 komodo dragons
  5 polar bears
  3 ancient zymes
  4 trolls
  4 hornets (Lair:6)
  16 blink frogs
  A raiju (Abyss:1)
  5 slime creatures (D:12)
  8 dream sheep
  5 hippogriffs
  32 yaks
  13 spriggans (Lair:6)
  3 wyverns
  A vampire (D:12)
  3 basilisks
  A chaos spawn (Abyss:1)
  A neqoxec (D:10)
  A hungry ghost (D:11)
  3 wargs
  3 nagas (Lair:3)
  6 water moccasins
  5 small abominations
  8 porcupines
  A hornet zombie (D:5)
  A sky beast (D:11)
  3 orc warriors
  5 black bears
  5 ice beasts
  2 phantoms
  A necrophage (D:9)
  A slave (D:6)
  34 wolves
  11 ogres
  8 boggarts
  2 centaurs
  12 crocodiles
  12 bullfrogs
  A gnoll sergeant (D:10)
  A wyvern zombie (D:10)
  A scorpion (D:11)
  17 wights
  20 killer bees
  6 howler monkeys
  3 crimson imps
  A bullfrog zombie (D:11)
  2 centaur zombies
  14 starcursed masses (Abyss:1)
  5 hounds
  4 quasits
  4 jellies
  A bullfrog skeleton (D:7)
  4 orc priests
  A centaur skeleton (D:5)
  3 orc wizards
  An iron imp (Abyss:1)
  4 iguanas
  5 worker ants
  A hound zombie (D:8)
  2 hound skeletons
  A worker ant zombie (D:5)
  A howler monkey skeleton (D:6)
  7 gnolls
  A river rat (shapeshifter) (D:10)
  9 adders
  4 shadow imps
  An ooze (D:2)
  An adder zombie (D:5)
  An adder skeleton (D:4)
  2 worms (D:4)
  2 dart slugs (D:1)
  6 leopard geckos
  25 orcs
  4 bats
  4 giant cockroaches
  5 goblins
  9 hobgoblins
  8 jackals
  6 quokkas
  3 ball pythons
  6 frilled lizards
  12 kobolds
  A leopard gecko skeleton (D:5)
  11 rats
  2 plants (Lair:6)
560 creatures vanquished.

Vanquished Creatures (collateral kills)
  A tentacled starspawn (Abyss:1)
  A spatial maelstrom (Abyss:1)
  A shadow (Abyss:1)
  2 small abominations (Abyss:1)
  3 starcursed masses (Abyss:1)
  A quasit (Abyss:1)
9 creatures vanquished.

Vanquished Creatures (others)
  A small abomination (Abyss:1)
  A centaur skeleton (D:6)
  A worker ant zombie (D:6)
  A giant cockroach (D:6)
  A jackal (D:6)
  5 fungi
  7 plants
  6 starspawn tentacles (Abyss:1)
23 creatures vanquished.

Grand Total: 592 creatures vanquished

Notes
Turn   | Place    | Note
-------+----------+-------------------------------------------
     0 | D:1      | Curus the Gargoyle Monk began the quest for the Orb.
     0 | D:1      | Reached XP level 1. HP: 14/14 MP: 1/1
   206 | D:1      | Reached XP level 2. HP: 19/19 MP: 2/2
   989 | D:2      | Reached XP level 3. HP: 6/23 MP: 3/3
  1105 | D:2      | Reached XP level 4. HP: 28/28 MP: 4/4
  1483 | D:2      | Reached skill level 5 in Maces & Flails
  1796 | D:3      | Reached XP level 5. HP: 32/32 MP: 5/5
  1872 | D:3      | Found a shimmering blue altar of Sif Muna.
  1927 | D:3      | Found a hazy altar of Hepliaklqana.
  1929 | D:3      | Found a shadowy altar of Dithmenos.
  1930 | D:3      | Noticed a shadow
  2492 | D:4      | Noticed a moth of wrath
  2495 | D:4      | Found a bloodstained altar of Trog.
  2497 | D:4      | Found the +8 whip "Snakebite" {curare, rPois}
  2556 | D:4      | Became a worshipper of Trog the Wrathful
  2556 | D:4      | Reached * piety under Trog
  2556 | D:4      | Reached ** piety under Trog
  2590 | D:4      | Noticed an ogre
  2595 | D:4      | Killed an ogre
  2595 | D:4      | Reached XP level 6. HP: 18/37 MP: 6/6
  2852 | D:4      | Found a white marble altar of Elyvilon.
  3006 | D:4      | Found a sacrificial altar of Ru.
  3018 | D:4      | Found a snail-covered altar of Cheibriados.
  3018 | D:4      | Found a glowing golden altar of the Shining One.
  3020 | D:4      | Found a hide-covered altar of Uskayaw.
  3236 | D:5      | Entered Level 5 of the Dungeon
  3400 | D:5      | Reached XP level 7. HP: 41/41 MP: 7/7
  3706 | D:5      | Reached XP level 8. HP: 46/46 MP: 8/8
  4156 | D:6      | Reached skill level 10 in Maces & Flails
  4202 | D:6      | Noticed Pikel
  4224 | D:6      | Killed Pikel
  4224 | D:6      | Reached XP level 9. HP: 41/51 MP: 9/9
  4252 | D:6      | Found a staircase to the Ecumenical Temple.
  4623 | D:6      | Found a sparkling altar of Nemelex Xobeh.
  4921 | D:6      | Reached *** piety under Trog
  5166 | D:7      | Reached skill level 1 in Armour
  5368 | D:7      | Found Hamimn's Antique Weapon Emporium.
  5527 | D:7      | Reached skill level 5 in Fighting
  5722 | D:7      | Found a stormy altar of Qazlal.
  6008 | D:8      | Reached skill level 5 in Armour
  6019 | D:8      | Reached XP level 10. HP: 43/60 MP: 10/10
  6025 | D:8      | Reached **** piety under Trog
  6329 | D:8      | Found a burning altar of Makhleb.
  6414 | D:8      | Found Afeecw's Distillery.
  6417 | D:8      | Bought 3 potions of curing for 126 gold pieces
  6417 | D:8      | Bought a potion of curing for 42 gold pieces
  6787 | D:9      | Noticed a two-headed ogre
  6796 | D:9      | Killed a two-headed ogre
  7081 | D:10     | Entered Level 10 of the Dungeon
  7093 | D:10     | Noticed a cyan ugly thing
  7099 | D:10     | Found a transporter.
  7099 | D:10     | Identified the cursed +0 trident of Big Damage {distort,
                  | rC+ Int-4 SInv}
  7100 | D:10     | Noticed a harpy
  7103 | D:10     | Found a transporter.
  7103 | D:10     | Found a one-way gate to the infinite horrors of the Abyss.
  7103 | D:10     | Noticed tabo's ghost (novice MiFi)
  7264 | D:10     | Noticed Psyche
  7271 | D:10     | Killed Psyche
  7276 | D:10     | Reached XP level 11. HP: 71/71 MP: 11/11
  7595 | D:10     | Reached ***** piety under Trog
  7736 | D:10     | Killed an unseen horror
  7736 | D:10     | Reached skill level 10 in Fighting
  8042 | D:11     | Found a staircase to the Lair.
  8067 | D:11     | Reached skill level 10 in Armour
  8100 | Lair:1   | Entered Level 1 of the Lair of Beasts
  8290 | Lair:1   | Found a runed translucent gate.
  8290 | Lair:1   | Found a runed translucent gate.
  8290 | Lair:1   | Found a runed translucent gate.
  8291 | Lair:1   | Noticed Kicid's ghost (journeyman GrFi)
  8291 | Lair:1   | Noticed Purph's ghost (journeyman MiBe)
  9169 | Lair:2   | Reached XP level 12. HP: 79/79 MP: 12/12
  9770 | Lair:3   | Noticed an eight-headed hydra
  9783 | Lair:3   | Killed an eight-headed hydra
  9925 | Lair:3   | Noticed a five-headed hydra
  9943 | Lair:3   | Noticed an eight-headed hydra
  9949 | Lair:3   | Killed a five-headed hydra
  9963 | Lair:3   | Killed an eight-headed hydra
 10192 | Lair:3   | Received a gift from Trog
 10200 | Lair:3   | Got a twisted triple sword {god gift}
 10339 | Lair:3   | Found a staircase to the Snake Pit.
 11173 | Lair:4   | Found a staircase to the Shoals.
 11525 | Lair:5   | Reached XP level 13. HP: 74/87 MP: 13/13
 11975 | Lair:5   | Noticed Rupert
 11997 | Lair:5   | Killed Rupert
 12458 | Lair:5   | Received a gift from Trog
 12549 | Lair:6   | Entered Level 6 of the Lair of Beasts
 12995 | Lair:6   | Gained mutation: Your large and strong wings let you fly
                  | indefinitely. [Gargoyle growth]
 12995 | Lair:6   | Reached XP level 14. HP: 52/96 MP: 14/14
 13259 | Lair:6   | Found a staircase to the Slime Pits.
 13411 | Lair:6   | Reached skill level 15 in Fighting
 13941 | Lair:6   | Reached skill level 15 in Armour
 14569 | Lair:1   | Killed Kicid's ghost
 14582 | Lair:1   | Killed Purph's ghost
 14728 | D:11     | Noticed Mandevil's ghost (journeyman OpAK)
 14732 | D:11     | Found a transporter.
 14734 | D:11     | You fall into a shaft and drop 1 floor!
 14758 | D:12     | Found a portal to a secret trove of treasure.
 14935 | D:12     | Found a staircase to the Orcish Mines.
 14941 | Orc:1    | Entered Level 1 of the Orcish Mines
 14941 | Orc:1    | Noticed a stone giant
 14966 | D:12     | Reached skill level 1 in Shields
 15013 | D:12     | Reached skill level 1 in Evocations
 15468 | D:11     | Found a glowing golden altar of the Shining One.
 15781 | D:11     | Received a gift from Trog
 15892 | D:11     | Found a transporter.
 16013 | D:11     | Reached XP level 15. HP: 103/104 MP: 17/17
 16160 | D:10     | Reached ****** piety under Trog
 16162 | D:10     | Gained mutation: Scrolls take you a little longer to read.
                  | [a neqoxec]
 16206 | D:10     | Killed tabo's ghost
 16613 | D:11     | Noticed a frost giant
 16634 | D:11     | Killed a frost giant
 16699 | D:11     | Found the +10 zealot's sword {holy, *Rage rN+ EV+3}
 16699 | D:11     | Found the +3 Elemental Staff {rElec rF++ rC++ MR++ AC+5}
 16699 | D:11     | Found the +6 arbalest "Damnation" {damnation}
 17011 | D:11     | Killed Mandevil's ghost
 17059 | D:11     | Cast into level 1 of the Abyss (gnoll sergeant)
 17112 | Abyss:1  | Reached skill level 5 in Shields
 17115 | Abyss:1  | Paralysed by accursed screaming for 1 turns
 17119 | Abyss:1  | Paralysed by accursed screaming for 1 turns
 17125 | Abyss:1  | Paralysed by accursed screaming for 1 turns
 17218 | Abyss:1  | HP: 2/105 [starcursed mass/accursed screaming (8)]
 17219 | Abyss:1  | Received a gift from Trog
 17226 | Abyss:1  | Noticed a tentacled starspawn
 17231 | Abyss:1  | Killed a tentacled starspawn
 17323 | Abyss:1  | Noticed a tentacled starspawn
 17329 | Abyss:1  | Noticed a lich
 17334 | Abyss:1  | Noticed a Brimstone Fiend
 17337 | Abyss:1  | Killed a tentacled starspawn
 17344 | Abyss:1  | HP: 5/105 [raiju/living lightning (3)]
 17344 | Abyss:1  | HP: 1/105 [raiju/living lightning (4)]
 17346 | Abyss:1  | Noticed a Brimstone Fiend
 17346 | Abyss:1  | Killed from afar by a raiju

Illustrated notes

Levels and vault maps discovered:
D:1:      kennysheep_arrival_seaside, layout_loops_ring
D:2:      layout_basic, minmay_diced_spiral
D:3:      layout_loops_corners, riverfiend_overflow_shadow_ancestor,
          overflow_temple_1_default
D:4:      layout_basic, grunt_temple_overflow_open, kennysheep_mini_moat,
          first_ration, tgw_trog
D:5:      layout_basic
D:6:      layout_basic, kennysheep_little_box, temple_pool_b, uniq_pikel
D:7:      layout_rooms, marbit_many_paths, serial_shops, shop,
          minmay_fractal_squares_5
D:8:      layout_loops_ring, old_standard_altar, serial_shops,
          nicolae_shop_statue_plus, david_nohive_1
D:9:      layout_gridville, grunt_ministairs_15
D:10:     layout_long_grid, gammafunk_ghost_abyssal_escape, uniq_psyche
D:11:     giant_chief_lemuel, layout_rooms, minmay_lair_entry_grove,
          gammafunk_ghost_abyssal_escape, tso_altar
D:12:     layout_grid_maze, orc_0_dummy, enter_trove_0, st_stairs_3
Lair:1:   layout_hall_layers, gammafunk_ghost_cemetery
Lair:2:   layout_cave_pods, grunt_megastairs_2, serial_bayou_shore_b
Lair:3:   layout_loops_ring, guppyfry_snake_entry_island, lemuel_fruit_tree
Lair:4:   layout_roguey, shoals_dummy_entry
Lair:5:   layout_regular_city, kilobyte_rumbling_trees, uniq_rupert
Lair:6:   minmay_lair_end_enchanted_forest, layout_regular_city,
          dpeg_slime_entry_corner, minivault_25, minmay_lair_oklob_chamber,
          serial_bayou_shore_b
Orc:1:    layout_caves, basic_altar
Abyss:1:  base: Lair:5, hangedman_abyss_town

Skill      XL: |  1  2  3  4  5  6  7  8  9 10 11 12 13 14 15 |
---------------+----------------------------------------------+-----
Maces & Flails | 4 5 6 7 9 11 12 13 14 | 14.6
Armour         | 5 8 10 12 14 15 16 | 16.1
Fighting       | 6 9 10 12 14 15 16 | 16.4
Shields        | 4 6 |  6.3
Evocations     | 3 |  3.3
Dodging        | |  2.4
Stealth        | |  2.1

Action                   |  1- 3 |  4- 6 |  7- 9 | 10-12 | 13-15 || total
-------------------------+-------+-------+-------+-------+-------++-------
Melee: Mace              |    83 |    47 |       |       |       ||   130
       Flail             |       |    25 |    16 |    28 |    89 ||   158
       Morningstar       |       |    85 |       |       |       ||    85
       Whip              |       |    49 |   296 |   647 |  1023 ||  2015
       Unarmed           |       |     4 |       |       |       ||     4
       Eveningstar       |       |       |       |       |   144 ||   144
Invok: Berserk           |       |       |     1 |     1 |     6 ||     8
       Trog's Hand       |       |       |       |       |     2 ||     2
       Brothers in Arms  |       |       |       |       |     1 ||     1
 Abil: Fly               |       |       |       |       |     1 ||     1
Evoke: Wand              |       |       |       |       |     4 ||     4
  Use: Scroll            |     6 |     4 |     2 |     8 |     6 ||    26
       Potion            |     4 |     5 |     5 |       |     2 ||    16
 Stab: Sleeping          |     7 |     1 |       |       |       ||     8
  Eat: Chunk             |     1 |     7 |     6 |    15 |    20 ||    49
       Ration            |       |       |     1 |     1 |     2 ||     4
Armor: Robe              |    14 |       |       |       |       ||    14
       Leather armour    |    10 |    11 |       |       |       ||    21
       Scale mail        |       |    70 |    39 |       |       ||   109
       Chain mail        |       |       |    31 |       |       ||    31
       Plate armour      |       |       |    26 |   341 |   688 ||  1055
Dodge: Dodged            |    56 |    94 |    70 |   136 |   247 ||   603
       Repelled          |       |       |     2 |     1 |    13 ||    16
Block: Buckler           |       |       |       |       |   113 ||   113
       Kite shield       |       |       |       |       |    48 ||    48
